AoeStats
← fede dela T

Scandinavia

510655142Analyzed
1v1 RM · 2d ago on Oct 2, 2026· 27m 32s· 2 players
Game mode
Random Map
Map size
Tiny (2 player)
Population
200
Speed
Normal
Resources
Standard
Victory
Conquest
Starting age
Dark Age
Ending age
Imperial Age
RankedLock teamsTeams togetherTeam positionsShared explorationLock speedFull tech treeHidden civsTurbo modeCheats
Victory
Defeat
🇦🇷 Wu · Argentina
428
+16
🇵🇱 Poles · Poland
424
-16
Ros33
16:04 Feudal Age
18:44 Wheelbarrow
17:55 Loom
25:49 Wheelbarrow
fede dela T
12:09 Feudal Age
12:48 Arson
12:25 Man-at-Arms
23:47 Castle Age
Connection lost

Rejoining the realm…

Still unreachable

The connection could not be restored.

Session expired

The server has moved on; the page needs a fresh start.